 Dungeon Crawl Stone Soup version 0.28-a0-1143-gcf6077d4cc (webtiles) character file.

Game seed: 11222171012901294414

3 spaghetti the Skirmisher (level 1, -2/24 HPs)
             Began as an Ogre Delver on Dec 14, 2021.
             Slain by a water moccasin skeleton (6 damage)
             ... on level 5 of the Dungeon.
             The game lasted 00:00:47 (481 turns).

spaghetti the Skirmisher (Ogre Delver)               Turns: 481, Time: 00:00:48

Health: -2/24      AC:  3    Str: 15    XL:     1   Next: 50%
Magic:  1/1        EV:  9    Int: 11    God:
Gold:   11         SH:  0    Dex: 10    Spells: 0/0 levels left

rFire   . . .      SeeInvis .   a - +0 mace {mace}
rCold   . . .      Faith    .   (no shield)
rNeg    . . .      Spirit   .   b - +0 robe
rPois   .          Reflect  .   (helmet restricted)
rElec   .          Harm     .   (no cloak)
rCorr   .          Rampage  .   (gloves unavailable)
Will    .....                   (boots unavailable)
Stlth   ++........              (no amulet)
HPRegen 0.08/turn               (no ring)
MPRegen 0.07/turn               (no ring)

@: no status effects
A: large, unfitting armour, tough skin 1
a: no special abilities


You were on level 5 of the Dungeon.
You visited 1 branch of the dungeon, and saw 2 of its levels.

You collected 11 gold pieces.


Innate Abilities, Weirdness & Mutations

You are too large for most types of armour.
You have tough skin. (AC +1)


   Skills:
 - Level 4.0 Fighting
 + Level 2.1 Maces & Flails
 - Level 1.7 Dodging
 - Level 3.7 Stealth


You couldn't memorise any spells.
You didn't know any spells.
Your spell library was empty.

Inventory:

Hand Weapons
 a - a +0 mace (weapon) {mace}
Missiles
 h - 24 bolts
Armour
 b - a +0 robe (worn)
Wands
 g - a wand of digging (3)
Scrolls
 c - a scroll of fog
 d - a scroll of magic mapping {!r}
 e - a scroll of fear

Dungeon Overview and Level Annotations

Branches:
Dungeon (6/15)
 Temple: D:4-7

Altars:

Shops:
D:6 ?

Annotations:
D:5 Eustachio

....##.........#
....###........#
#.........####
#.###..###########
#.# #..####.......
#.# #.>.........#
#.# #######.###.#
#Z# #.#
#@#########.#
#...........#
#############


You could see a water moccasin skeleton.


Message History

No target in view!
No target in view!
No target in view!
No target in view!
No target in view!
No target in view!
Unknown command.
You hear a distant slurping noise.
You now have 11 gold pieces.
Eustachio the Magnificent comes into view.
He is wielding a +0 rapier and carrying a wand of flame (23).
A hound comes into view. 😎 HP[+2]
Your hp is fully restored (24).
Okay, then.
There is a stone staircase leading down here.
You climb downwards.
Found a ring mail.
Found Tutai's Magic Scroll Shop.
There is a stone staircase leading up here.
Unknown command.
Unknown command.
You start waiting.
A scorpion comes into view.
Okay, then.
Okay, then.
The scorpion stings you! 😮 HP[-8]
You take 8 damage, and now have 16/24 hp.
MASSIVE DAMAGE!! (PAUSE)
You hit the scorpion. The scorpion barely misses you.
The scorpion closely misses you.
You barely miss the scorpion. The scorpion stings you.
* * * LOW HITPOINT WARNING * * *
😨 HP[-4]
You take 4 damage, and now have 12/24 hp.
Unknown command.
You feel yourself speed up. The scorpion stings you!
* * * LOW HITPOINT WARNING * * *
The scorpion misses you. 😱 HP[-9]
You take 9 damage, and now have 3/24 hp.
MASSIVE DAMAGE!! (PAUSE)
You hit the scorpion but do no damage. The scorpion stings you.
* * * LOW HITPOINT WARNING * * *
😱 HP[-2]
You take 2 damage, and now have 1/24 hp.
Unknown command.
You hit the scorpion but do no damage. The scorpion barely misses you.
Unknown command.
There is a stone staircase leading up here.
You climb upwards.
Level annotation: Eustachio
There is a stone staircase leading down here.
Unknown command.
Unknown command.
You start resting.
Your extra speed is starting to run out.
You feel yourself slow down.
An adder comes into view. 😱 HP[+4]
You regained 4 hp, and now have 5/24 hp.
Unknown command.
Unknown command.
Unknown command.
An adder is nearby!
Okay, then.
You start resting.
A hound is nearby! 😮 HP[+9]
You regained 9 hp, and now have 14/24 hp. 😮 HP[+1]
You start resting. 😎 HP[+9]
Your hp is fully restored (24).
A water moccasin skeleton comes into view.
You hit the water moccasin skeleton.
The water moccasin skeleton bites you but does no damage. x2
You hit the water moccasin skeleton but do no damage.
The water moccasin skeleton bites you. 😕 HP[-5]
You take 5 damage, and now have 19/24 hp.
MASSIVE DAMAGE!! (PAUSE)
You closely miss the water moccasin skeleton.
The water moccasin skeleton bites you. x2
* * * LOW HITPOINT WARNING * * *
😨 HP[-12]
You take 12 damage, and now have 7/24 hp.
MASSIVE DAMAGE!! (PAUSE)
You aren't carrying any potions.
Unknown command. 😨 HP[+1]
The water moccasin skeleton bites you.
* * * LOW HITPOINT WARNING * * *
😱 HP[-4]
You take 4 damage, and now have 4/24 hp.
Okay, then.
You can't see any enemies this would affect, really read the scroll of fear?
Okay, then.
You aren't carrying any potions.
You sock the water moccasin skeleton! The water moccasin skeleton bites you.
You die...

Skill      XL: |  1 |
---------------+----+-----
Maces & Flails | 2 |  2.1
Fighting       | |  4.0
Dodging        | |  1.7
Stealth        | |  3.7

Action                   || total
-------------------------++-------
Melee: Mace              ||    14
  Use: Potion            ||     1
Armor: Robe              ||     6
Dodge: Dodged            ||     5

Levels and vault maps discovered:
D:5:      layout_basic, kennysheep_mini, uniq_eustachio
D:6:      layout_loops_cross, serial_glass, glass_columns_a, glass_columns_a,
          due_unseen_surprise, serial_shops, nicolae_shop_window_shopping, shop,
          shop

Notes
Turn   | Place    | Note
-------+----------+-------------------------------------------
     0 | D:5      | spaghetti the Ogre Delver began the quest for the Orb.
     0 | D:5      | Reached XP level 1. HP: 24/24 MP: 1/1
     0 | D:5      | magus.rc [v1.9.6]
    15 | D:5      | Reached skill level 2 in Maces & Flails
    46 | D:5      | Noticed Eustachio
    46 | D:5      | Noticed a hound
    62 | D:6      | Found Tutai's Magic Scroll Shop.
   158 | D:6      | Noticed a scorpion
   165 | D:6      | HP: 3/24 [scorpion (9)]
   166 | D:6      | HP: 1/24 [scorpion (2)]
   480 | D:5      | HP: 4/24 [water moccasin skeleton (4)]
   481 | D:5      | Slain by a water moccasin skeleton

Vanquished Creatures
  An adder skeleton (D:5)
1 creature vanquished.

Table legend:
 A = Non-vault XP
 B = Vault XP
 C = Vault XP percentage of total XP
 D = Non-vault monster count
 E = Vault monster count
 F = Vault count percentage of total count
                 A         B        C        D         E       F
            +---------+---------+-------+---------+---------+-------
      Total |       5 |       0 |   0.0 |       1 |       0 |   0.0
            +---------+---------+-------+---------+---------+-------
        D:5 |       5 |       0 |   0.0 |       1 |       0 |   0.0
            +---------+---------+-------+---------+---------+-------

Illustrated notes

Table legend:
 A = Kills in this place as a percentage of kills in entire the game.
 B = Kills by you in this place as a percentage of kills by you in the entire game.
 C = Kills by friends in this place as a percentage of kills by friends in the entire game.
 D = Other kills in this place as a percentage of other kills in the entire game.
 E = Experience gained in this place as a percentage of experience gained in the entire game.
 F = Experience gained in this place divided by the number of levels of this place that you have seen.
                   A       B       C       D       E      F
               +-------+-------+-------+-------+-------+----------------------
         Total | 100.0 | 100.0 |   N/A |   N/A | 100.0 |   2.5
       Dungeon | 100.0 | 100.0 |   N/A |   N/A | 100.0 |   2.5
               +-------+-------+-------+-------+-------+----------------------

Table legend: (Time is in decaauts)
 A = Elapsed time spent in this place.
 B = Non-inter-level travel time spent in this place.
 C = Inter-level travel time spent in this place.
 D = Time resting spent in this place.
 E = Time spent auto-exploring this place.
 F = Levels seen in this place.
 G = Mean time per level.
                   A        B        C        D        E       F      G
               +--------+--------+--------+--------+--------+-----+--------+
         Total |    466 |    466 |      0 |    358 |     37 |   2 |  233.0 |
       Dungeon |    466 |    466 |      0 |    358 |     37 |   2 |  233.0 |
               +--------+--------+--------+--------+--------+-----+--------+

Top non-repeatable levels by time:
     D:5: 356 daAuts
     D:6: 109 daAuts
